 Dungeon Crawl Stone Soup version 0.28.0 (webtiles) character file.

Game seed: 8869125214195262597

11299 dolemite99 the Severer (level 11, -2/99 HPs)
             Began as a Hill Orc Berserker on Feb 6, 2022.
             Was a Believer of Trog.
             Slain by a fire elemental (6 damage)
             ... summoned by a deep elf pyromancer
             ... on level 14 of the Dungeon.
             The game lasted 00:18:45 (17357 turns).

dolemite99 the Severer (Hill Orc Berserker)        Turns: 17357, Time: 00:18:46

Health: -2/99      AC: 14    Str: 31    XL:     11   Next: 75%
Magic:  11/11      EV:  9    Int:  7    God:    Trog [**....]
Gold:   416        SH:  4    Dex: 10    Spells: 10/10 levels left

rFire   + . .      SeeInvis .   x - +1 war axe (freeze)
rCold   . . .      Faith    .   m - +0 buckler
rNeg    . . .      Spirit   .   F - +3 chain mail {rF+}
rPois   .          Reflect  .   (no helmet)
rElec   .          Harm     .   (no cloak)
rCorr   .          Rampage  .   (no gloves)
Will    ++...                   (no boots)
Stlth   ..........              (no amulet)
HPRegen 1.26/turn               z - +6 ring of strength {=R}
MPRegen 0.12/turn               (no ring)

@: about to teleport, strong-willed (expiring), regenerating (expiring), slowed,
very slow
A: no striking features
a: Renounce Religion, Berserk, Trog's Hand


You were on level 14 of the Dungeon.
You worshipped Trog.
Trog was pleased with you.
You visited 1 branch of the dungeon, and saw 12 of its levels.

You collected 545 gold pieces.
You spent 129 gold pieces at shops.

Inventory:

Hand Weapons
 a - a +0 war axe of flaming
 b - the +7 falchion "Agrugg" {drain, rF+ rC- rN+}
   (You took it off an orc wizard on level 6 of the Dungeon)

   A truly terrible weapon, it drains the life of any living foe it strikes.
   rF:        It protects you from fire.
   rC:        It makes you vulnerable to cold.
   rN:        It protects you from negative energy.
 i - a +1 hand axe of freezing
 o - a +0 hand axe
 x - a +1 war axe of freezing (weapon)
 C - a +2 flail of holy wrath
Missiles
 c - 198 stones
 e - 38 sling bullets
 A - 8 poisoned darts
Armour
 l - a +0 plate armour
 m - a +0 buckler (worn)
 F - a +3 chain mail of fire resistance (worn)
Jewellery
 j - a ring of ice
 z - a +6 ring of strength (left hand) {=R}
Wands
 p - a wand of flame (16)
 t - a wand of polymorph (8)
 y - a wand of digging (10)
 D - a wand of iceblast (4) (quivered)
Scrolls
 w - a scroll of enchant armour
 H - a scroll of fog
Potions
 d - 2 potions of magic
 f - 3 potions of attraction
 g - a potion of cancellation {unknown}
 h - a potion of lignification
 n - a potion of berserk rage
 q - a potion of flight
 s - 3 potions of curing
 v - a potion of heal wounds
 B - a potion of brilliance
 G - a potion of ambrosia
Miscellaneous
 k - a lightning rod (inert)


   Skills:
 - Level 9.9 Fighting
 - Level 15.0 Axes
 - Level 5.0 Throwing
 + Level 10.0 Armour
 - Level 1.5 Dodging
 - Level 4.0 Shields
 - Level 5.0 Evocations


You had 10 spell levels left.
You didn't know any spells.
Your spell library was empty.

Dungeon Overview and Level Annotations

Branches:
Dungeon (11/15)            Temple (0/1) D:6            Lair (0/6) D:9
    Orc: D:9-12

Altars:
Fedhas
Ru
Uskayaw
Vehumet

Shops:
D:4 :(   D:5 *

Annotations:
D:8 exclusion: downstairs
D:9 3 runed translucent doors, krispywithak's ghost, novice MiBe


Message History

The deep elf pyromancer gestures wildly while chanting.
Your skin crawls.
You feel strong-willed.
You block the deep elf pyromancer's attack.
The fire elemental hits you. The fire elemental burns you! You resist.
You block the fire elemental's attack.
The deep elf pyromancer completely misses you.
The fire elemental hits you. The fire elemental burns you! You resist.
The deep elf pyromancer mumbles some strange words.
The deep elf pyromancer blinks!
The fire elemental barely misses you. The fire elemental hits you.
The fire elemental burns you! You resist. The fire elemental hits you.
The fire elemental burns you! You resist.
A cyclops comes into view.
The fire elemental barely misses you.
A freezing wraith comes into view.
The cyclops throws a large rock.
The large rock hits you!! You block the fire elemental's attack.
Found a radiant altar of Vehumet.
A wizard comes into view. It is wielding a +0 dagger.
The freezing wraith hits you. The freezing wraith freezes you!!
* * * LOW HITPOINT WARNING * * *
The freezing wraith hits you.
* * * LOW HITPOINT WARNING * * *
The freezing wraith drains your vigour!
You feel yourself slow down.
There is a stone staircase leading down, spattered with blood here.
As you read the scroll of teleportation, it crumbles to dust.
You feel strangely unstable. The fire elemental hits you.
The fire elemental burns you! You resist.
* * * LOW HITPOINT WARNING * * *
The freezing wraith hits you but does no damage. x2
The fire elemental closely misses you. You block the freezing wraith's attack.
The freezing wraith hits you but does no damage.
The fire elemental hits you.
* * * LOW HITPOINT WARNING * * *
The fire elemental burns you! You resist.
* * * LOW HITPOINT WARNING * * *
Unknown command.
You feel the effects of Trog's Hand fading.
The fire elemental hits you. The fire elemental burns you! You resist.
You die...

#..........#u#
.......##....##### ..
.# .##............. ..
#
.##.#####......#####.#.
.#...#....[###.# #...
)(.........# #.# #..#
.....#.....###.##..#
.#................#
###.#####...####@# #
##........C.°E>#
###.########.##EW#
.#.#### #○##..'..p..
......# ###○##.##...._
..###.####☼.○....#.....
.## #..Q.○°###'### ....
.# ####.e##.....# #...
.........##.#####.# #..


You could see a cyclops, a freezing wraith and 2 fire elementals.

Vanquished Creatures
  2 two-headed ogres
  6 death yaks
  An ugly thing (D:14)
  2 rust devils
  A centaur zombie (D:5)
  An unseen horror (D:11)
  Grinder (D:6)
  Sigmund (D:6)
  3 yaks (D:9)
  3 wyverns
  A steam dragon (D:8)
  Menkaure (D:5)
  3 acid dragons
  2 water moccasins
  2 black bears
  3 orc warriors
  An ice beast (D:7)
  2 necrophages
  3 ogres
  A centaur (D:6)
  A phantom (D:4)
  Blork the orc (D:5)
  2 scorpions
  6 killer bees (D:11)
  5 wights
  7 electric eels
  3 howler monkeys
  2 orc priests (D:7)
  3 bullfrog skeletons
  A gnoll shaman (D:3)
  3 jellies (D:6)
  5 hounds
  Ijyb (D:3)
  6 orc wizards
  2 hound skeletons
  A howler monkey zombie (D:9)
  6 adders
  4 gnolls (D:3)
  A howler monkey skeleton (D:6)
  A shadow imp (D:7)
  A white imp (D:4)
  An ufetubus (D:5)
  A worm (D:3)
  2 dart slugs
  26 orcs
  6 endoplasms
  6 giant cockroaches
  5 hobgoblins
  8 jackals
  7 quokkas
  6 ball pythons
  8 bats
  5 frilled lizards
  6 goblins
  7 kobolds
  A quokka skeleton (D:4)
  5 rats
202 creatures vanquished.

Vanquished Creatures (others)
  3 fungi (D:9)
  38 plants
41 creatures vanquished.

Grand Total: 243 creatures vanquished

Notes
Turn   | Place    | Note
-------+----------+-------------------------------------------
     0 | D:1      | dolemite99 the Hill Orc Berserker began the quest for the
                  | Orb.
     0 | D:1      | Reached XP level 1. HP: 19/19 MP: 1/1
   493 | D:1      | Reached XP level 2. HP: 26/26 MP: 2/2
   739 | D:1      | Reached skill level 5 in Axes
  1731 | D:1      | Reached XP level 3. HP: 25/31 MP: 3/3
  2445 | D:2      | Found a blossoming altar of Fedhas.
  2529 | D:2      | Reached skill level 6 in Axes
  2731 | D:2      | Reached XP level 4. HP: 35/39 MP: 4/4
  2961 | D:2      | Noticed an ogre
  2973 | D:2      | Killed an ogre
  2974 | D:2      | Reached skill level 8 in Axes
  2974 | D:2      | Reached XP level 5. HP: 3/45 MP: 5/5
  3436 | D:2      | Reached ** piety under Trog
  3459 | D:2      | Found a faded altar of an unknown god.
  3719 | D:3      | Noticed Ijyb
  3734 | D:3      | Killed Ijyb
  3802 | D:3      | Reached XP level 6. HP: 51/51 MP: 6/6
  3810 | D:3      | Reached skill level 9 in Axes
  4638 | D:4      | Noticed a wyvern
  4645 | D:4      | Killed a wyvern
  4646 | D:4      | Reached skill level 10 in Axes
  4646 | D:4      | Reached XP level 7. HP: 57/57 MP: 7/7
  5334 | D:4      | Found Dowk's Weapon Emporium.
  5403 | D:4      | Reached skill level 11 in Axes
  6038 | D:4      | Found Viulony's Self-Improvement Boutique.
  6189 | D:5      | Entered Level 5 of the Dungeon
  6300 | D:5      | Reached skill level 12 in Axes
  6300 | D:5      | Reached XP level 8. HP: 64/64 MP: 8/8
  6567 | D:5      | Noticed Blork the orc
  6582 | D:5      | Killed Blork the orc
  6876 | D:5      | Reached skill level 13 in Axes
  7281 | D:5      | Noticed Menkaure
  7285 | D:5      | Killed Menkaure
  7286 | D:5      | Reached skill level 14 in Axes
  7446 | D:5      | Found Decaeng's Assorted Antiques.
  7449 | D:5      | Bought a scroll of identify for 54 gold pieces
  7450 | D:5      | Bought a bubbling purple potion for 24 gold pieces
  7450 | D:5      | Bought a murky black potion for 24 gold pieces
  7450 | D:5      | Bought a wand of flame (10) for 27 gold pieces
  8087 | D:6      | Reached XP level 9. HP: 70/70 MP: 9/9
  8099 | D:6      | Identified the +7 falchion "Agrugg" {drain, rF+ rC- rN+}
  8138 | D:6      | Found a staircase to the Ecumenical Temple.
  8173 | D:6      | Found a hide-covered altar of Uskayaw.
  8173 | D:6      | Found a sacrificial altar of Ru.
  8363 | D:6      | Reached skill level 5 in Armour
  8461 | D:6      | Noticed Sigmund
  8473 | D:6      | Killed Sigmund
  8580 | D:6      | Noticed Grinder
  8593 | D:6      | Killed Grinder
 10648 | D:7      | Reached skill level 5 in Fighting
 11108 | D:6      | Noticed a rust devil
 11108 | D:6      | Noticed a rust devil
 11116 | D:7      | Killed a rust devil
 11117 | D:7      | Reached XP level 10. HP: 44/86 MP: 10/10
 11627 | D:6      | Killed a rust devil
 12782 | D:8      | Noticed a two-headed ogre
 12799 | D:8      | Killed a two-headed ogre
 12800 | D:8      | Reached skill level 15 in Axes
 13741 | D:9      | Reached skill level 5 in Evocations
 13741 | D:9      | Reached skill level 1 in Throwing
 13965 | D:9      | Noticed a death yak
 13966 | D:9      | Found a staircase to the Lair.
 13966 | D:9      | Noticed a death yak
 13990 | D:8      | Killed a death yak
 14201 | D:9      | Noticed a death yak
 14202 | D:9      | Noticed a death yak
 14202 | D:9      | Noticed a death yak
 14202 | D:9      | Noticed a death yak
 14218 | D:8      | Killed a death yak
 14219 | D:8      | Reached XP level 11. HP: 47/95 MP: 11/11
 14219 | D:8      | Killed a death yak
 14832 | D:8      | Killed a death yak
 14882 | D:9      | Killed a death yak
 14883 | D:9      | Reached skill level 5 in Throwing
 14887 | D:9      | Killed a death yak
 15526 | D:9      | Found a runed translucent gate.
 15530 | D:9      | Noticed krispywithak's ghost (novice MiBe)
 15533 | D:9      | Found a runed translucent gate.
 15533 | D:9      | Found a runed translucent gate.
 15751 | D:10     | Entered Level 10 of the Dungeon
 16371 | D:10     | Noticed a two-headed ogre
 16375 | D:10     | Killed a two-headed ogre
 16929 | D:11     | You fall into a shaft and drop 3 floors!
 16946 | D:14     | Noticed a cyan ugly thing
 16946 | D:14     | Noticed a cyan ugly thing
 17221 | D:14     | Noticed a deep elf pyromancer
 17254 | D:14     | Noticed a white ugly thing
 17254 | D:14     | Noticed a cyclops
 17256 | D:14     | Noticed a white ugly thing
 17256 | D:14     | Noticed a white ugly thing
 17260 | D:14     | Noticed a white ugly thing
 17271 | D:14     | Noticed a cyan ugly thing
 17271 | D:14     | Noticed a cyan ugly thing
 17272 | D:14     | Noticed a cyan ugly thing
 17272 | D:14     | Noticed a cyan ugly thing
 17275 | D:14     | Noticed a cyan ugly thing
 17276 | D:14     | Killed a cyan ugly thing
 17277 | D:14     | Reached skill level 10 in Armour
 17334 | D:14     | Noticed a tengu warrior
 17349 | D:14     | Noticed a cyclops
 17354 | D:14     | Found a radiant altar of Vehumet.
 17354 | D:14     | Noticed a wizard
 17356 | D:14     | HP: 2/99 [fire elemental[a deep elf pyromancer] (3)]
 17357 | D:14     | Slain by a fire elemental

Illustrated notes

Levels and vault maps discovered:
D:1:      roderic_crop_circles_arrival_small, layout_basic, corexii_corridor_pit
D:2:      layout_loops_cross, basic_altar, dilly_ecumenical_altar_fadedgnrine
D:3:      layout_rooms, nicolae_grassy_gnolls, uniq_ijyb
D:4:      layout_loops_ring, serial_shops, nicolae_inconvenience_store,
          roderic_lattice_a, nicolae_shop_self_help
D:5:      layout_basic, serial_shops, nicolae_shop_behind_doors,
          uniq_blork_the_orc, uniq_menkaure
D:6:      cheibrodos_iron_armory, layout_gridville,
          mainiacjoe_overflow_large_starburst, minmay_temple_entry_stoned_glass,
          uniq_grinder, uniq_sigmund
D:7:      layout_basic, kennysheep_generic_room_4
D:8:      layout_basic
D:9:      layout_cave_pools, dpeg_lair_monsters, gammafunk_ghost_nasty_kobolds
D:10:     layout_basic, serial_glass, glass_columns_a, glass_columns_b,
          glass_columns_a, glass_columns_b, glass_columns_b, glass_columns_c,
          uniq_nergalle
D:11:     layout_loops_cross, orc_0_dummy, kb_lookout_dungeons_type, uniq_snorg,
          uniq_erica
D:14:     minmay_the_grid_octo_triangle [minmay_the_grid_octo_77,
          minmay_the_grid_octo_prize_single_spiral,
          minmay_the_grid_octo_shrine], layout_loops_ring

Skill      XL: |  1  2  3  4  5  6  7  8  9 10 11 |
---------------+----------------------------------+-----
Axes           | 5 6 8 10 12 14 15 | 15.0
Armour         | 4 8 10 | 10.0
Fighting       | 7 8 9 |  9.9
Evocations     | 5 |  5.0
Throwing       | 3 5 |  5.0
Shields        | 4 |  4.0
Dodging        | |  1.5

Action                   |  1- 3 |  4- 6 |  7- 9 | 10-12 || total
-------------------------+-------+-------+-------+-------++-------
Melee: Hand axe          |   132 |    87 |   113 |       ||   332
       Punch             |     1 |     1 |     2 |       ||     4
       War axe           |       |    14 |   151 |   132 ||   297
       Falchion          |       |       |    12 |       ||    12
       Flail             |       |       |     4 |    17 ||    21
Throw: Stone             |    44 |    37 |    41 |     6 ||   128
       Dart              |       |       |       |     7 ||     7
Invok: Berserk           |     3 |     6 |    10 |     8 ||    27
       Trog's Hand       |       |       |     9 |     7 ||    16
Evoke: Wand              |       |       |       |    24 ||    24
       Lightning rod     |       |       |       |     4 ||     4
  Use: Scroll            |       |     5 |     7 |    13 ||    25
       Potion            |       |       |       |     6 ||     6
Armor: Animal skin       |    23 |       |       |       ||    23
       Chain mail        |    14 |    48 |    19 |    60 ||   141
       Scale mail        |       |       |    77 |       ||    77
       Skin              |       |       |       |     4 ||     4
Dodge: Dodged            |    74 |    37 |   113 |    54 ||   278
Block: Buckler           |       |       |     6 |    21 ||    27
